 Dungeon Crawl Stone Soup version 0.29-a0-490-g77b3608bb8 (webtiles) character file.

Game seed: 3461848316855478897

164 croobank the Covert (level 5, -4/47 HPs)
             Began as a Gnoll Delver on May 27, 2022.
             Slain by a gnoll
             ... wielding a +0 flail
              (12 damage)
             ... on level 3 of the Dungeon.
             The game lasted 00:06:47 (2370 turns).

croobank the Covert (Gnoll Delver)                  Turns: 2370, Time: 00:06:48

Health: -4/47      AC:  3    Str: 10 (12) XL:     5   Next: 45%
Magic:  7/7        EV: 13    Int:  8 (11) God:
Gold:   118        SH:  4    Dex: 16 (19) Spells: 7/7 levels left

rFire   . . .      SeeInvis .   f - +0 war axe
rCold   . . .      Faith    .   e - +0 buckler
rNeg    . . .      Spirit   .   o - +0 leather armour
rPois   .          Reflect  .   (no helmet)
rElec   .          Harm     .   (no cloak)
rCorr   .          Rampage  .   (no gloves)
Will    .....                   (no boots)
Stlth   ++++......              (no amulet)
HPRegen 0.15/turn               h - +6 ring of dexterity
MPRegen 0.10/turn               (no ring)

@: no status effects
A: fangs 1, strong nose, distributed training
a: no special abilities


You were on level 3 of the Dungeon.
You visited 1 branch of the dungeon, and saw 5 of its levels.

You collected 118 gold pieces.

Inventory:

Hand Weapons
 a - a +0 hand axe
 b - a +0 hunting sling
 f - a +0 war axe (weapon)
Missiles
 k - 22 stones
 n - 2 curare-tipped darts (quivered)
Armour
 e - a +0 buckler (worn)
 o - a +0 leather armour (worn)
 p - a +0 ring mail
Jewellery
 h - a +6 ring of dexterity (left hand)
 s - a ring of willpower
Wands
 g - a wand of digging (3)
Scrolls
 c - a scroll of fog
 l - 3 scrolls of poison
 q - a scroll of torment {unknown}
 r - a scroll of identify
 t - a scroll of fear
Potions
 d - a potion of haste
 i - 3 potions of curing
 j - 2 potions of brilliance


   Skills:
 + Level 6.7 Fighting
 + Level 1.5 Short Blades
 + Level 1.5 Long Blades
 + Level 4.8 Axes
 + Level 1.5 Maces & Flails
 + Level 1.5 Polearms
 + Level 1.5 Staves
 + Level 1.5 Slings
 + Level 1.5 Bows
 + Level 1.5 Crossbows
 + Level 1.5 Throwing
 + Level 1.5 Armour
 + Level 4.8 Dodging
 + Level 9.7 Stealth
 + Level 1.5 Shields
 + Level 1.5 Unarmed Combat
 + Level 1.5 Spellcasting
 + Level 1.2 Conjurations
 + Level 1.2 Hexes
 + Level 1.2 Summonings
 + Level 1.2 Necromancy
 + Level 1.2 Translocations
 + Level 1.2 Transmutations
 + Level 1.2 Fire Magic
 + Level 1.2 Ice Magic
 + Level 1.2 Air Magic
 + Level 1.2 Earth Magic
 + Level 1.2 Poison Magic
 + Level 1.7 Invocations
 + Level 1.5 Evocations


You had 7 spell levels left.
You didn't know any spells.
Your spell library contained the following spells:

 Spells                   Type           Power      Damage    Failure   Level
 Summon Small Mammal      Summ           8%         N/A       38%         1
 Call Canine Familiar     Summ           2%         N/A       77%         3
 Stone Arrow              Conj/Erth      4%         3d7       77%         3
 Summon Guardian Golem    Hex/Summ       2%         N/A       77%         3
 Animate Armour           Summ/Erth      4%         N/A       99%         4
 Lehudib's Crystal Spear  Conj/Erth      1%         10d2      100%        8


Dungeon Overview and Level Annotations

Branches:
Dungeon (5/15)
 Temple: D:4-7

Altars:
Nemelex Xobeh

Shops:
D:1 [   D:2 (


Innate Abilities, Weirdness & Mutations

You have very sharp teeth.
Your uncanny sense of smell can sniff out nearby items.
Your experience applies equally to all skills.


Message History

You see here a curare-tipped dart.
The helpless ball python fails to defend itself.
You slash the ball python!
You kill the ball python!
You barely miss the gnoll.
The goblin shouts!
The gnoll hits you but does no damage. The goblin hits you but does no damage.
The gnoll closely misses you.
The gnoll shouts!
The gnoll attacks as you move away! The gnoll hits you with a +0 flail.
Things that are here:
a +0 halberd; a gnoll corpse The goblin attacks as you move away!
The goblin closely misses you.
There is a stone staircase leading up here.
You closely miss the goblin. The goblin barely misses you.
The goblin hits you with a +0 dagger. The gnoll hits you but does no damage.
You see here a +0 whip.
You closely miss the goblin. The goblin hits you but does no damage.
The gnoll closely misses you. The gnoll hits you with a +0 whip!
The gnoll barely misses you. The goblin hits you but does no damage.
You slash the gnoll!
The gnoll is almost dead.
You hit the goblin.
You kill the goblin!
You hit the gnoll but do no damage. The gnoll hits you with a +0 spear!
The gnoll hits you with a +0 flail! The gnoll closely misses you.
The gnoll hits you with a +0 whip.
* * * LOW HITPOINT WARNING * * *
The gnoll attacks as you move away! The gnoll barely misses you.
The gnoll attacks as you move away! The gnoll hits you with a +0 flail.
* * * LOW HITPOINT WARNING * * *
The gnoll hits you but does no damage.
You see here a +0 whip.
Okay, then.
It was a potion of degeneration.
There was something very wrong with that liquid.
You feel weakened.
You feel dopey.
You feel clumsy. You block the gnoll's attack.
The gnoll hits you with a +0 flail!
You die...

##### ####...######
##...........#
#.......####.#
#.......#..#.#
####.......#..#.#
#..........#.##.#
####.....##.#.#<@g.#####
...'.....+......)g....>#
####.....####....g.###.#
.# ####### ######)###.#
.# #...(.....# .#
#..g......# .#
#..g......# .#
#.........# ##
#........##


You could see 3 gnolls.

Vanquished Creatures
  A centaur zombie (D:3)
  A scorpion zombie (D:3)
  A hound zombie (D:3)
  A gnoll (D:3)
  A howler monkey skeleton (D:3)
  3 adders (D:2)
  An ufetubus (D:4)
  An adder zombie (D:3)
  5 ball pythons
  4 bats
  4 endoplasms
  6 giant cockroaches
  3 goblins
  2 hobgoblins
  A ball python skeleton (D:3)
  2 frilled lizards
  2 kobolds (D:2)
  2 rats (D:1)
41 creatures vanquished.

Notes
Turn   | Place    | Note
-------+----------+-------------------------------------------
     0 | D:5      | Reached skill level 9 in Stealth
     0 | D:5      | croobank the Gnoll Delver began the quest for the Orb.
     0 | D:5      | Reached XP level 1. HP: 23/23 MP: 1/1
    19 | D:5      | Noticed an acid dragon
    93 | D:5      | Noticed a scorpion
   512 | D:3      | Reached XP level 2. HP: 29/29 MP: 2/2
   605 | D:1      | Found Athatit's Antique Armour Emporium.
  1079 | D:1      | Reached XP level 3. HP: 35/35 MP: 3/3
  1461 | D:2      | Reached skill level 1 in Invocations
  1565 | D:2      | Reached skill level 1 in Short Blades
  1565 | D:2      | Reached skill level 1 in Long Blades
  1565 | D:2      | Reached skill level 1 in Maces & Flails
  1565 | D:2      | Reached skill level 1 in Polearms
  1565 | D:2      | Reached skill level 1 in Staves
  1565 | D:2      | Reached skill level 1 in Slings
  1565 | D:2      | Reached skill level 1 in Bows
  1565 | D:2      | Reached skill level 1 in Crossbows
  1565 | D:2      | Reached skill level 1 in Throwing
  1565 | D:2      | Reached skill level 1 in Armour
  1565 | D:2      | Reached skill level 1 in Shields
  1565 | D:2      | Reached skill level 1 in Unarmed Combat
  1565 | D:2      | Reached skill level 1 in Spellcasting
  1565 | D:2      | Reached skill level 1 in Evocations
  1954 | D:2      | Found Oczerit's Antique Weapon Boutique.
  1998 | D:2      | Reached XP level 4. HP: 37/41 MP: 5/5
  2071 | D:3      | Reached skill level 1 in Conjurations
  2071 | D:3      | Reached skill level 1 in Hexes
  2071 | D:3      | Reached skill level 1 in Summonings
  2071 | D:3      | Reached skill level 1 in Necromancy
  2071 | D:3      | Reached skill level 1 in Translocations
  2071 | D:3      | Reached skill level 1 in Transmutations
  2071 | D:3      | Reached skill level 1 in Fire Magic
  2071 | D:3      | Reached skill level 1 in Ice Magic
  2071 | D:3      | Reached skill level 1 in Air Magic
  2071 | D:3      | Reached skill level 1 in Earth Magic
  2071 | D:3      | Reached skill level 1 in Poison Magic
  2250 | D:3      | Reached XP level 5. HP: 46/47 MP: 5/7
  2370 | D:3      | Slain by a gnoll

Illustrated notes

Levels and vault maps discovered:
D:1:      heliophobic_arrival_henge, layout_loops_cross, serial_shops,
          nicolae_shop_hallway_stairs
D:2:      layout_loops_ring, serial_shops, shop
D:3:      minmay_skewed_foursquare, layout_basic,
          shapermc_ecumenical_altar_mp_urbaneastern, serial_undead,
          serial_undead_c, serial_undead_a, serial_undead_e, serial_undead_a,
          uniq_terence
D:4:      layout_cave_pods, hangedman_abyss_or_decor_stagger, uniq_sigmund,
          uniq_robin
D:5:      layout_loops_ring, nrook_pool_corridor, hangedman_feature_mirror,
          chequers_serial_rivers_small_b

Skill      XL: |  1  2  3  4 |
---------------+-------------+-----
Stealth        | |  9.7
Invocations    | 1 |  1.7
Short Blades   | 1 |  1.5
Long Blades    | 1 |  1.5
Maces & Flails | 1 |  1.5
Polearms       | 1 |  1.5
Staves         | 1 |  1.5
Slings         | 1 |  1.5
Bows           | 1 |  1.5
Crossbows      | 1 |  1.5
Throwing       | 1 |  1.5
Armour         | 1 |  1.5
Shields        | 1 |  1.5
Unarmed Combat | 1 |  1.5
Spellcasting   | 1 |  1.5
Evocations     | 1 |  1.5
Conjurations   | 1 |  1.2
Hexes          | 1 |  1.2
Summonings     | 1 |  1.2
Necromancy     | 1 |  1.2
Translocations | 1 |  1.2
Transmutations | 1 |  1.2
Fire Magic     | 1 |  1.2
Ice Magic      | 1 |  1.2
Air Magic      | 1 |  1.2
Earth Magic    | 1 |  1.2
Poison Magic   | 1 |  1.2
Fighting       | |  6.7
Axes           | |  4.8
Dodging        | |  4.8

Action                   |  1- 3 |  4- 6 || total
-------------------------+-------+-------++-------
Melee: Hand axe          |     9 |       ||     9
       War axe           |    64 |    47 ||   111
       Bite              |     4 |     3 ||     7
Throw: Dart              |       |     1 ||     1
  Use: Scroll            |     5 |       ||     5
       Potion            |     1 |     1 ||     2
 Stab: Sleeping          |    17 |     1 ||    18
       Distracted        |     1 |       ||     1
Armor: Leather armour    |    22 |    14 ||    36
Dodge: Dodged            |    61 |    46 ||   107
Block: Buckler           |     9 |     7 ||    16

Table legend: (Time is in decaauts)
 A = Elapsed time spent in this place.
 B = Non-inter-level travel time spent in this place.
 C = Inter-level travel time spent in this place.
 D = Time resting spent in this place.
 E = Time spent auto-exploring this place.
 F = Levels seen in this place.
 G = Mean time per level.
                   A        B        C        D        E       F      G
               +--------+--------+--------+--------+--------+-----+--------+
         Total |   2384 |   2332 |     52 |    301 |   1378 |   5 |  476.8 |
       Dungeon |   2384 |   2332 |     52 |    301 |   1378 |   5 |  476.8 |
               +--------+--------+--------+--------+--------+-----+--------+

Top non-repeatable levels by time:
     D:1: 779 daAuts
     D:2: 766 daAuts
     D:4: 367 daAuts
     D:3: 350 daAuts
     D:5: 120 daAuts
